 Dungeon Sprint DCSS version 0.30-a0-920-g7493c07aab (webtiles) character file.

Game seed: 15822817702320604320

724 Atreus the Cleaver (level 7, -8/111 HPs)
             Began as an Armataur Berserker on Mar 21, 2023.
             Was an Elder of Trog.
             Mangled by a two-headed ogre
             ... wielding a +0 dire flail
              (17 damage)
             ... in the Dungeon (Sprint IX: "|||||||||||||||||||||||||||||").
             The game lasted 00:01:02 (495 turns).

Atreus the Cleaver (Armataur Berserker)              Turns: 495, Time: 00:01:03

Health: -8/111     AC:  7    Str: 24    XL:     7   Next: 43%
Magic:  7/7        EV:  8    Int:  7    God:    Trog [****..]
Gold:   0          SH:  0    Dex: 10    Spells: 6/6 levels left

rFire   . . .      SeeInvis .    p - +3 war axe (freeze)
rCold   . . .      Faith    .    (no shield)
rNeg    . . .      Spirit   .    m - +1 scale mail
rPois   .          Reflect  .    o - +0 helmet
rElec   .          Roll     +    (no cloak)
rCorr   .          NoTele   +    n - +0 pair of gloves
Will    ++...                    (no barding) Stlth
                                 (no amulet)
HPRegen 1.38/turn                k - +2 ring of protection
MPRegen 0.10/turn                l - +2 ring of protection

@: berserking, strong-willed, corroded, regenerating, very quick
A: large, rugged brown scales 3, deformed body, armoured tail, roll, long
tongue, awkward tongue
a: Renounce Religion, Berserk, Trog's Hand, Brothers in Arms


You were in the Dungeon.
You worshipped Trog.
Trog was greatly pleased with you.
You visited 1 branch

Inventory:

Hand Weapons
 a - a +0 hand axe
 p - a +3 war axe of freezing (weapon)
Armour
 b - a +0 animal skin
 m - a +1 scale mail (worn)
 n - a +0 pair of gloves (worn)
 o - a +0 helmet (worn)
Jewellery
 k - a +2 ring of protection (left hand)
 l - a +2 ring of protection (right hand)
Wands
 j - a wand of iceblast (10) (quivered)
Scrolls
 h - 2 scrolls of blinking
Potions
 c - 5 potions of curing
 d - 3 potions of heal wounds
 e - a potion of haste
 f - 4 potions of magic
 g - a potion of berserk rage
 i - a potion of invisibility


   Skills:
 + Level 9.5 Fighting
 + Level 10.3 Axes
 + Level 7.1 Armour
 - Level 1.3 Dodging


You had 6 spell levels left.
You didn't know any spells.
Your spell library was empty.

Dungeon Overview and Level Annotations

Branches:
Dungeon (1/1)

Altars:
Cheibriados
Dithmenos
Elyvilon
Fedhas
Gozag
Hepliaklqana
Kikubaaqudgha
Makhleb
Nemelex Xobeh
Okawaru
Qazlal
Ru
Sif Muna
Trog
Uskayaw
Vehumet
Wu Jian
Xom
Yredelemnul
Zin
The Shining One
Jiyva
Lugonu


Innate Abilities, Weirdness & Mutations

You are completely covered in rugged brown scales. (AC +3, +7% HP)
Armour fits poorly on your strangely shaped body.
You have a long armoured tail.
You roll when moving toward enemies. (Rampage)
Your long tongue fully drains potion bottles. (2x potion effects)
Your tongue gives you trouble enunciating. (1.5x scroll delay)


Message History

The acid dragon closely misses you. The acid dragon barely misses you.
Unknown command.
Unknown command.
Unknown command.
You barely miss the acid dragon.
The acid dragon is severely wounded.
The acid dragon spits acid at you. The splash of acid hits you!
The acid corrodes you!
You hit the acid dragon. You freeze the acid dragon.
You tail-slap the acid dragon.
You kill the acid dragon!
Trog accepts your kill.
Your Fighting skill increases to level 9!
You have reached level 7!
You closely miss the acid dragon. You tail-slap the acid dragon!
The acid dragon is heavily wounded.
You barely miss the acid dragon.
The acid dragon is heavily wounded.
The acid dragon spits acid at you. The splash of acid hits you!!
* * * LOW HITPOINT WARNING * * *
The acid corrodes you!
Unknown command.
You slash the acid dragon! You freeze the acid dragon.
The acid dragon is almost dead.
The acid dragon bites you.
* * * LOW HITPOINT WARNING * * *
The acid dragon claws you but does no damage.
You hit the acid dragon. You freeze the acid dragon.
You kill the acid dragon!
Trog accepts your kill.
The acid dragon scales are intact enough to wear.
Your Axes skill increases to level 10!
Your Armour skill increases to level 7!
You roll towards the two-headed ogre!
You barely miss the two-headed ogre. You tail-slap the two-headed ogre.
You punch the two-headed ogre.
The two-headed ogre is lightly wounded.
The two-headed ogre hits you with a +0 dire flail!
* * * LOW HITPOINT WARNING * * *
The two-headed ogre hits you with a +0 giant spiked club!
You die...

▓.▓
▓.▓
▓.▓
▓.▓
▓.▓
▓.▓
▓'▓
▓)▓
▓@▓
▓O▓
▓.▓
▓.▓
▓.▓
▓+▓


You could see a two-headed ogre.

Vanquished Creatures
  A troll (D)
  3 acid dragons (D)
  A wight (D)
  A jelly (D)
  A sleepcap (D)
  3 iguanas (D)
  2 quokkas (D)
  A kobold (D)
  2 rats (D)
15 creatures vanquished.

Notes
Turn   | Place    | Note
-------+----------+-------------------------------------------
     0 | D        | Atreus the Armataur Berserker began the quest for the Orb.
     0 | D        | Reached XP level 1. HP: 19/19 MP: 1/1
    12 | D        | Reached ** piety under Trog
    14 | D        | Reached skill level 3 in Axes
    56 | D        | Noticed an iguana
    56 | D        | Noticed an iguana
    56 | D        | Noticed a jelly
    56 | D        | Noticed an iguana
    56 | D        | Noticed a sleepcap
    61 | D        | Killed an iguana
    62 | D        | Reached skill level 4 in Axes
    62 | D        | Reached XP level 2. HP: 29/29 MP: 2/2
    62 | D        | Reached XP level 3. HP: 36/36 MP: 3/3
    75 | D        | Reached skill level 5 in Fighting
    75 | D        | Reached *** piety under Trog
    76 | D        | Reached skill level 5 in Axes
    76 | D        | Reached XP level 4. HP: 9/44 MP: 4/4
    79 | D        | HP: 3/70 [sleepcap (8)]
    81 | D        | Reached skill level 6 in Axes
    81 | D        | Reached XP level 5. HP: 4/54 MP: 5/5
   354 | D        | Found a snail-covered altar of Cheibriados.
   354 | D        | Found a shadowy altar of Dithmenos.
   354 | D        | Found a white marble altar of Elyvilon.
   354 | D        | Found a blossoming altar of Fedhas.
   354 | D        | Found an opulent altar of Gozag.
   355 | D        | Found a hazy altar of Hepliaklqana.
   356 | D        | Found a viscous altar of Jiyva.
   357 | D        | Found an ancient bone altar of Kikubaaqudgha.
   358 | D        | Found a corrupted altar of Lugonu.
   359 | D        | Found a burning altar of Makhleb.
   360 | D        | Found a sparkling altar of Nemelex Xobeh.
   361 | D        | Found an iron altar of Okawaru.
   362 | D        | Found a stormy altar of Qazlal.
   363 | D        | Found a sacrificial altar of Ru.
   364 | D        | Found a shimmering blue altar of Sif Muna.
   388 | D        | Found a bloodstained altar of Trog.
   389 | D        | Found a hide-covered altar of Uskayaw.
   401 | D        | Found a radiant altar of Vehumet.
   402 | D        | Found an ornate altar of the Wu Jian Council.
   403 | D        | Found a shimmering altar of Xom.
   404 | D        | Found a basalt altar of Yredelemnul.
   405 | D        | Found a glowing silver altar of Zin.
   406 | D        | Found a glowing golden altar of the Shining One.
   473 | D        | Noticed a troll
   473 | D        | Noticed an acid dragon
   473 | D        | Noticed an acid dragon
   473 | D        | Noticed an acid dragon
   473 | D        | Noticed a two-headed ogre
   478 | D        | Killed a troll
   479 | D        | Reached skill level 8 in Axes
   479 | D        | Reached skill level 5 in Armour
   479 | D        | Reached XP level 6. HP: 52/65 MP: 6/6
   482 | D        | Killed an acid dragon
   483 | D        | Reached skill level 9 in Axes
   484 | D        | Reached **** piety under Trog
   490 | D        | Killed an acid dragon
   491 | D        | Reached XP level 7. HP: 44/74 MP: 7/7
   495 | D        | Reached skill level 10 in Axes
   495 | D        | Mangled by a two-headed ogre

Illustrated notes

Levels and vault maps discovered:
D:        linesprint [early_d, line_temple, items_1, d_10, items_2, lair_1,
          lair_end, items_3, orc_1, orc_end, items_4, d_15, swamp_1, shoals_1,
          snake_1, spider_1, d_20, vaults_1, items_5, swamp_end, shoals_end,
          snake_end, spider_end, vaults_end, d_27, items_6, zot_1, zot_end,
          crypt_end, forest_end, elf_end, slime_end, tomb_end, abyss_end,
          pan_hell_end]

Skill      XL: |  1  2  3  4  5  6  7 |
---------------+----------------------+-----
Fighting       | 4 5 6 8 9 |  9.5
Axes           | 4 5 6 8 9 10 | 10.3
Armour         | 3 4 5 6 7 |  7.1
Dodging        | |  1.3

Action                     |  1- 3 |  4- 6 |  7- 9 || total
---------------------------+-------+-------+-------++-------
  Melee: Hand axe          |    27 |     5 |       ||    32
         Tailslap          |     2 |     4 |     2 ||     8
         War axe           |       |    17 |     5 ||    22
         Punch             |       |       |     1 ||     1
 Invoke: Berserk           |     2 |     2 |       ||     4
         Trog's Hand       |       |     2 |       ||     2
 Armour: Animal skin       |     3 |       |       ||     3
         Scale mail        |       |    10 |     1 ||    11
  Dodge: Dodged            |     4 |     7 |       ||    11

Table legend: (Time is in decaauts)
 A = Elapsed time spent in this place.
 B = Non-inter-level travel time spent in this place.
 C = Inter-level travel time spent in this place.
 D = Time resting spent in this place.
 E = Time spent auto-exploring this place.
 F = Levels seen in this place.
 G = Mean time per level.
                   A        B        C        D        E       F      G
               +--------+--------+--------+--------+--------+-----+--------+
         Total |    511 |    511 |      0 |    368 |      4 |   1 |  511.0 |
       Dungeon |    511 |    511 |      0 |    368 |      4 |   1 |  511.0 |
               +--------+--------+--------+--------+--------+-----+--------+

Top non-repeatable levels by time:
       D: 511 daAuts
